[Event "Lliga Catalana DH 2023"]
[Site "Catalonia"]
[Date "2023.02.25"]
[Round "6.1"]
[White "Peralta, Fernando"]
[Black "Henderson de La Fuente, Lance"]
[Result "1/2-1/2"]
[ECO "E90"]
[WhiteElo "2596"]
[BlackElo "2505"]
[Annotator "TA"]
[PlyCount "70"]
[EventDate "2023.01.24"]
[EventType "team-tourn"]
[EventCountry "ESP"]
[SourceTitle "playchess.com"]
[Source "ChessBase"]
[SourceQuality "1"]
[TimeControl "40/5400+30:1800+30"]

1. d4 Nf6 2. c4 g6 3. Nc3 Bg7 4. e4 O-O 5. Nf3 d6 6. h3 e5 7. d5 a5 8. g4 {is now debated instead of 8.Bg5.} Na6 9. Be3 Nd7 {E90: King's Indian: Classical: Early deviations and 6 h3.} 10. a3 Nb6 11. g5 {[#]} (11. Rg1 $14) 11... f6 $146 ({Predecessor:} 11... Bd7 12. Nd2 Nc5 13. h4 f5 14. Qc2 Nba4 15. f3 fxe4 16. fxe4 Nxc3 17. Qxc3 Rf4 18. Bxf4 exf4 {½-½ Simantsev,M (2462)-Weinzettl,E (2308) Ceske Budejovice op 2015 (2)}) 12. Rg1 Nc5 13. h4 Kh8 (13... Bd7 $11 {keeps the balance.}) 14. Nd2 fxg5 15. hxg5 a4 (15... Bd7 $14 {might be stronger.}) 16. Qe2 $16 Rf7 17. O-O-O c6 18. Kb1 Bd7 19. f3 Qe7 (19... Bf8 $16) 20. Rh1 Kg8 (20... Bf8 21. Ka1 $16) 21. Rc1 (21. Qh2 Bh8 $16) 21... Raf8 22. Bh3 Rf4 (22... Re8 $16 23. Qg2 Bxh3 24. Qxh3 Bf8) 23. Rcg1 $18 R8f7 24. Bxd7 Nbxd7 25. Qd1 Nb3 (25... Rf8 $142 26. Bxf4 (26. Nxa4 R4f7 $18) 26... exf4 27. Nxa4 Ra8 28. Nxc5 Nxc5) 26. Bxf4 (26. Nxb3 Rxf3 27. dxc6 bxc6 $18) 26... exf4 27. Nxb3 Bxc3 28. Nd4 ({Much less strong is} 28. bxc3 $6 axb3 29. Kb2 (29. Qxb3 Ne5 $14) 29... Ne5 $16) (28. Nc1 $18 Bg7 29. Qxa4) 28... Bxd4 $16 29. Qxd4 c5 (29... Ne5 $16) 30. Qd1 Ne5 31. Qe2 ({Stronger than} 31. Qxa4 Nxf3 32. Rd1 Nxg5 $17) 31... Qd8 32. Rh3 Qb6 33. Rc1 Qd8 34. Rg1 Qb6 $1 35. Rc1 Qd8 $1 {Weighted Error Value: White=0.27 (precise) /Black=0.23 (precise)} 1/2-1/2

[Event "Lliga Catalana DH 2023"]
[Site "Catalonia"]
[Date "2023.02.25"]
[Round "6.1"]
[White "Gines Esteo, Pedro Antonio"]
[Black "Magem Badals, Jordi"]
[Result "1/2-1/2"]
[ECO "A34"]
[WhiteElo "2505"]
[BlackElo "2510"]
[Annotator "TA"]
[PlyCount "57"]
[EventDate "2023.01.24"]
[EventType "team-tourn"]
[EventCountry "ESP"]
[SourceTitle "playchess.com"]
[Source "ChessBase"]
[SourceQuality "1"]
[TimeControl "40/5400+30:1800+30"]

1. c4 c5 2. Nf3 Nf6 3. Nc3 d5 4. cxd5 Nxd5 5. Ne5 e6 {[%emt 0:16:16] [#]} 6. e4 $146 {[%emt 0:06:01] A34: Symmetrical English: 2 Nc3, lines with ...d5.} ({Predecessor:} 6. Qa4+ Nd7 7. Nxd5 exd5 8. Qf4 f6 9. Ng4 Nb6 10. d3 Bd6 11. Qe3+ Kf7 12. Nh6+ gxh6 13. Qxh6 {0-1 Huseby,J (534)-Suwara,K (1776) BI-2012-P-00036}) 6... Nc7 7. Qh5 g6 8. Qf3 (8. Qh3 $11) 8... f6 $17 9. Ng4 Bg7 10. h4 Nc6 11. h5 {[%emt 0:01:37] h6 would be deadly.} Nd4 12. Qg3 (12. Qd1 $17) 12... Nc2+ $19 13. Kd1 Nxa1 14. h6 Bf8 15. e5 f5 16. Nf6+ Kf7 17. b3 Be7 18. Bb2 Bxf6 19. exf6 {[%emt 0:00:07] [#]} Nxb3 20. axb3 Qd7 $1 (20... Kxf6 $2 21. Nd5+ Kf7 22. Nxc7 $18) 21. Rh3 Rd8 (21... Kxf6 $2 22. Nb5+ Kf7 23. Qe5 $18) 22. Qg5 b6 {[%emt 0:05:57] White must now prevent ...Ba6.} 23. Rd3 {[%emt 0:23:40] [#]} Qe8 24. Re3 (24. Qg3 $142 Rd7 25. Re3) 24... Qd7 $2 (24... Ba6 $19 {and Black stays clearly on top.} 25. Bxa6 Nxa6) 25. Rd3 $17 {[%emt 0:01:17] [#] Dancing on a razor blade.} Qe8 (25... Qxd3 $1 $17 26. Bxd3 Rxd3) 26. Re3 $1 $19 Ba6 ({Avoid the trap} 26... Qd7 $2 27. Rd3 $19) 27. Bxa6 {[%emt 0:00:02] Black is clearly winning.} Nxa6 28. Ne2 Qd7 29. Bc3 {[%emt 0:00:02][%mdl 32768] An interesting game.   Weighted Error Value: White=0.31/Black=0.30. An unexpected result.} 1/2-1/2

[Event "Lliga Catalana DH 2023"]
[Site "Catalonia"]
[Date "2023.02.25"]
[Round "6.2"]
[White "Diaz Camallonga, Carles"]
[Black "Aloma Vidal, Robert"]
[Result "1/2-1/2"]
[ECO "B31"]
[WhiteElo "2472"]
[BlackElo "2446"]
[Annotator "TA"]
[PlyCount "97"]
[EventDate "2023.01.24"]
[EventType "team-tourn"]
[EventCountry "ESP"]
[SourceTitle "playchess.com"]
[Source "ChessBase"]
[SourceQuality "1"]
[TimeControl "40/5400+30:1800+30"]

1. e4 c5 2. Nf3 Nc6 3. Nc3 g6 4. Bb5 Bg7 5. O-O e5 6. a3 {[%emt 0:00:07][%cal Ob2b4] B31: Sicilian: 2...Nc6 3 Bb5 g6.} Nge7 7. b4 d6 8. bxc5 dxc5 9. d3 O-O 10. Bc4 h6 11. Re1 Nd4 12. Nd2 {[%emt 0:10:15] [#]} Rb8 $146 ({Predecessor:} 12... Kh7 13. a4 f5 14. exf5 gxf5 15. a5 Ng6 16. Ba3 Qxa5 17. Bb2 Qc7 18. Nd5 Qd6 {0-1 Janaszak,D (2333)-Chen,Q (2485) Titled Tuesday intern op 29th Mar Early blitz 2022 (8)}) 13. a4 a6 14. a5 Nec6 15. Ba3 Qxa5 16. Nd5 Re8 17. c3 Ne6 18. Nb3 {[%emt 0:01:09][%mdl 64] [#] Deflection} Qd8 {[%emt 0:00:44] Strongly threatening ...b5.} 19. Nxc5 b5 {[%emt 0:06:31] ...Nxc5 would be deadly.} 20. Bb3 a5 21. Nxe6 Bxe6 (21... fxe6 {simplifies} 22. Ne3 Ba6 23. Bc1 h5) 22. Bc5 Bf8 23. Bxf8 Rxf8 24. Qc1 Kg7 25. Qa3 b4 (25... Qg5 {seems wilder.} 26. Reb1 Rfc8 27. Qd6 Qd8) 26. Qb2 bxc3 27. Qxc3 Nd4 28. Bc4 Bxd5 29. exd5 Qg5 {[%emt 0:01:37] [#] ...Nf3+ is the strong threat.} 30. Kh1 Rb6 (30... Qf6 $5) 31. Rxa5 Rf6 32. Ra2 Rb8 33. Qd2 Rfb6 34. Qxg5 hxg5 35. h3 Rb1 36. Rxb1 Rxb1+ $14 {[%emt 0:00:02][%mdl 4096] Endgame KRB-KRN} 37. Kh2 Rb6 38. g4 Rd6 39. Kg2 Kf8 40. Ra7 f5 41. Rb7 Ne2 42. Rb2 Nf4+ {[%emt 0:00:14] The position is equal.} 43. Kg3 Kg7 44. Rb8 Nxd5 45. Rb5 Nf4 46. Rb7+ Kh8 $1 47. Rb8+ Kg7 48. Rb7+ Kh8 $1 49. Rb8+ {[%emt 0:01:13] Weighted Error Value: White=0.05 (flawless) /Black=0.05 (flawless)} 1/2-1/2

[Event "Lliga Catalana DH 2023"]
[Site "Catalonia"]
[Date "2023.02.25"]
[Round "6.2"]
[White "De La Riva Aguado, Oscar"]
[Black "Gonzalez Garcia, Jose"]
[Result "1/2-1/2"]
[ECO "C11"]
[WhiteElo "2441"]
[BlackElo "2450"]
[Annotator "TA"]
[PlyCount "30"]
[EventDate "2023.01.24"]
[EventType "team-tourn"]
[EventCountry "ESP"]
[SourceTitle "playchess.com"]
[Source "ChessBase"]
[SourceQuality "1"]
[TimeControl "40/5400+30:1800+30"]

1. e4 e6 2. d4 d5 3. Nc3 Nf6 4. e5 Nfd7 5. f4 c5 6. Nf3 Nc6 7. Be3 a6 8. a3 cxd4 9. Nxd4 {The position is equal.} Bc5 {C11: French: Classical System: 4 e5 and 4 Bg5 dxe4.} 10. Qd2 O-O 11. Be2 Nxd4 12. Bxd4 b5 13. Bxc5 Nxc5 14. Qd4 Qc7 {[#]} 15. Bf3 $146 ({Predecessor:} 15. g3 Qe7 16. O-O-O Rb8 17. Kb1 Nd7 18. Na2 a5 19. b4 Nb6 20. Rhf1 axb4 21. axb4 {0-1 Sandler,L (2273)-Khusnutdinov,R (2482) Asia Clubs Al Ain 2014 (1.4)}) 15... Bb7 {Not much happened in this game.   Weighted Error Value: White=0.02 (flawless) /Black=0.01 (flawless)} 1/2-1/2

[Event "Lliga Catalana DH 2023"]
[Site "Catalonia"]
[Date "2023.02.25"]
[Round "6.3"]
[White "Iermito, Sebastian"]
[Black "Ribera Veganzones, Serni"]
[Result "1-0"]
[ECO "B13"]
[WhiteElo "2528"]
[BlackElo "2183"]
[Annotator "TA"]
[PlyCount "91"]
[EventDate "2023.01.24"]
[EventType "team-tourn"]
[EventCountry "ESP"]
[SourceTitle "playchess.com"]
[Source "ChessBase"]
[SourceQuality "1"]
[TimeControl "40/5400+30:1800+30"]

1. e4 c6 2. d4 d5 3. exd5 cxd5 4. Bf4 Nc6 5. c3 Nf6 6. Nd2 {B13: Caro-Kann: Exchange Variation and Panov-Botvinnik Attack.} Bf5 7. Ngf3 e6 8. Qb3 {The position is equal.} Qc8 9. Nh4 Be4 10. Nxe4 Nxe4 11. Nf3 Bd6 12. Bxd6 Nxd6 13. Bd3 O-O 14. Qc2 h6 15. O-O Rb8 {[#]} 16. Kh1 $146 ({Predecessor:} 16. Rae1 b5 17. b3 Qc7 18. Re3 Rfc8 19. Qe2 Ne7 20. Ne5 Nef5 21. Rh3 b4 22. g4 {½-½ Hirn,O (2241)-Schmid,R (2309) Oberliga Bayern 1718 2017 (1.2)}) 16... b5 17. g4 f5 18. Rg1 b4 (18... fxg4 {is interesting.} 19. Nh4 g5 20. Rxg4 e5) 19. g5 hxg5 20. Nxg5 bxc3 21. bxc3 Rf6 22. f3 (22. Qe2 $14) 22... Rh6 23. Rae1 Qd7 (23... Nf7 $11) 24. Qg2 $14 {[%cal Oe1e6] Strongly threatening Rxe6!} Re8 25. Qg3 Na5 {White stays focused until the end.} (25... Nd8 $14) 26. Re2 ({White should play} 26. Nh3 $1 $16) 26... Nac4 {[#]} (26... Rg6 $1 $14) 27. Nh3 $1 $16 Rf8 28. Nf4 {[%cal Oe2e6] Threatens to win with Rxe6!} Rff6 29. Reg2 {[%cal Rg3g7] White is more active.} Ne8 30. Bxc4 dxc4 31. Qe1 Rh7 (31... Qd6 $16 {might work better.} 32. Qg3 Rf7) 32. Ng6 Nd6 (32... Qb7 $142) 33. Qe5 $18 Ne8 (33... Qd8 $142 34. Rb1 Rh6) 34. Qb8 Rxg6 35. Rxg6 {[%cal Od4d5] And now d5! would win.} Kf7 36. R6g2 Nd6 (36... Qc7 $142 37. Qa8 Rh6) 37. Rb1 Rh3 (37... f4 $142 38. Rbg1 Qc6 39. Qxa7+ Qb7 40. Qxb7+ Nxb7) 38. Qa8 Nb5 {[#]} 39. Rxg7+ $3 Kxg7 40. Rg1+ Kf6 41. Qf8+ Qf7 42. Qd8+ $40 {[%mdl 128] White is up to no good.} Qe7 {[#]} 43. Rg6+ $3 {[%mdl 576] Deflection. White is clearly winning.} Kxg6 44. Qxe7 Nxc3 45. Qxe6+ Kg5 46. Qe3+ {Artfully played by Iermito.   Weighted Error Value: White=0.15 (very precise) /Black=0.55} 1-0

[Event "Lliga Catalana DH 2023"]
[Site "Catalonia"]
[Date "2023.02.25"]
[Round "6.3"]
[White "Ayats Llobera, Gerard"]
[Black "Garcia Ramos, Daniel"]
[Result "0-1"]
[ECO "D35"]
[WhiteElo "2449"]
[BlackElo "2426"]
[Annotator "TA"]
[PlyCount "116"]
[EventDate "2023.01.24"]
[EventType "team-tourn"]
[EventCountry "ESP"]
[SourceTitle "playchess.com"]
[Source "ChessBase"]
[SourceQuality "1"]
[TimeControl "40/5400+30:1800+30"]

1. d4 Nf6 2. c4 e6 3. Nc3 d5 4. cxd5 Nxd5 5. e4 Nxc3 6. bxc3 c5 7. Rb1 Be7 {[%emt 0:00:07] The main line 7...Be7 scores better than 7...cxd4. D35: Queen's Gambit Declined: Exchange Variation.} 8. Nf3 O-O 9. h4 cxd4 {[%emt 0:03:31] Black has an edge.} 10. cxd4 Nc6 11. Be2 b6 12. h5 h6 13. Rh3 {[%emt 0:00:45] [#]} f5 $146 ({Predecessor:} 13... Bb7 14. Rg3 Kh7 15. Qd2 Rc8 16. Kf1 Rg8 17. Kg1 Qc7 18. Bb2 Bd6 19. e5 Bf8 {1-0 Lei,T (2527)-Zhu,J (2326) CHN-ch Rapid 2022 (2)}) 14. Rg3 fxe4 15. Bxh6 Bf6 {[%emt 0:11:51] [#]} ({Black should play} 15... Rf7 $1 $14 16. Bb5 exf3 17. Bxc6 Rb8) 16. Bxg7 $1 $18 Bxg7 17. h6 $1 {[%emt 0:00:05][%mdl 64] Pin} Qf6 {[%emt 0:03:32][%cal Of6h6] Strongly threatening ...Qxh6!} 18. hxg7 (18. Rxg7+ $142 Kh8 19. Ng5 Qxf2+ 20. Kd2) 18... Rd8 $2 (18... Rf7 $16) 19. Ng5 $2 (19. Qc1 $18 {and White stays clearly on top.} exf3 20. Rxf3 (20. Qxc6 $2 fxe2 21. Rh3 Bd7 $19) (20. Bxf3 $2 Nxd4 21. Kf1 Ba6+ 22. Kg1 Bd3 $19 {[%mdl 64] Remove Defender}) 20... Qxd4 21. Qh6 Qd2+ 22. Qxd2 Rxd2 23. Kxd2) 19... Nxd4 $16 20. Nxe4 Qh4 21. Bd3 Qh1+ 22. Kd2 Qh6+ 23. Ke1 Qh1+ 24. Kd2 Qh6+ 25. Kc3 $1 Nf5 $2 (25... Bb7 $16 {keeps fighting.} 26. Qh5 (26. Kb2 $2 Nf5 $19) 26... Rac8+ 27. Kb4 Qxh5 28. Nf6+ Kf7 29. Nxh5 Nf5 30. Bxf5 exf5) 26. Qh1 $1 $18 ({Don't blunder} 26. Rg5 $2 Bb7 27. Qh5 Rac8+ 28. Kb2 Qxh5 29. Rxh5 Rxd3 $19) 26... Rxd3+ 27. Kxd3 $2 (27. Rxd3 $18 Qxg7+ 28. Kb3 Nd4+ 29. Kb2 Nf5+ 30. Ka3 Qf8+ 31. Kb3) 27... Ba6+ $11 28. Kc3 (28. Kc2 $5 Rc8+ $8 29. Kb2 (29. Rc3 Rxc3+ 30. Kxc3 Qxg7+ 31. Kb3 Nd4+ 32. Kb2 Bd3 $15) 29... Qxh1 30. Rxh1 Nxg3 31. Nxg3 $11) 28... Rc8+ 29. Kb2 {[%emt 0:00:09] Threatening mate with Qxh6.} Qxh1 30. Nf6+ $2 (30. Rxh1 $11 Nxg3 31. Nxg3) 30... Kf7 $19 {[%emt 0:00:05] Hoping for ...Qh4.} 31. Rxh1 Nxg3 (31... Kxf6 $2 32. g8=Q Rxg8 33. Rxg8 $18) 32. Rh8 {[%emt 0:00:51] Black must now prevent Rxc8.} Kxg7 33. Rxc8 Bxc8 34. Ne8+ Kf8 35. Nd6 Ba6 36. fxg3 {[%emt 0:00:02][%mdl 4096] Endgame KB-KN} Ke7 $1 37. Ne4 Bb7 38. Nf2 Bxg2 39. Kc3 Bd5 40. a3 e5 41. Ng4 Ke6 42. Ne3 Bb7 $2 (42... a5 $1 $19 {Threatens to win with ...b5.} 43. g4 b5) 43. Kc4 (43. g4 $17) 43... Ba6+ (43... Bc6 $1 $19 44. Kc3 Kf6) 44. Kc3 {[%emt 0:00:25] [#]} (44. Kb4 $17) 44... Be2 (44... Bb5 $1 $19 45. Kd2 Bc6) 45. Kd2 (45. a4 $17 {was worth a try.}) 45... Bf3 46. Kc3 Kd6 (46... Bc6 $19 47. Kc4 Kf6) 47. Kd3 $2 (47. g4 $15) 47... Bh5 $2 (47... b5 $19 {is more deadly. aiming for ...Ke6.} 48. g4 a5) 48. Kc4 Be2+ 49. Kb4 {[%emt 0:00:31] [#]} (49. Kc3 $17 {was the only defense.}) 49... a5+ $1 50. Kc3 b5 51. Kd2 $2 (51. g4) 51... Bh5 {[%emt 0:00:28] ...Kc5 would be deadly.} 52. Kc3 (52. g4 $142 Bg6 53. g5) 52... Kc5 53. g4 Bg6 {[%emt 0:01:29] And now ...b4+ would win.} 54. g5 e4 $2 (54... b4+ 55. axb4+ axb4+ 56. Kb3 e4) 55. Ng4 $2 (55. Ng2) 55... Kd5 56. Ne3+ Ke5 57. Nc2 Bf7 58. Nd4 {[%emt 0:00:32] [#]} b4+ $1 {[%emt 0:00:13][%mdl 512] Artfully played by Garcia Ramos.   Weighted Error Value: White=0.79/Black=0.52} 0-1

[Event "Lliga Catalana DH 2023"]
[Site "Catalonia"]
[Date "2023.02.25"]
[Round "6.4"]
[White "Moskalenko, Viktor"]
[Black "Valenzuela Gomez, Fernando"]
[Result "0-1"]
[ECO "D00"]
[WhiteElo "2448"]
[BlackElo "2396"]
[Annotator "TA"]
[PlyCount "76"]
[EventDate "2023.01.24"]
[EventType "team-tourn"]
[EventCountry "ESP"]
[SourceTitle "playchess.com"]
[Source "ChessBase"]
[SourceQuality "1"]
[TimeControl "40/5400+30:1800+30"]

1. d4 Nf6 2. Bg5 d5 3. Nd2 Nc6 4. Ngf3 Ne4 5. Bf4 g5 6. Nxe4 {[%emt 0:03:12] D00: 1 d4 d5: Unusual lines.} gxf4 {[%emt 0:01:31] [#]} 7. Ned2 $146 ({Predecessor:} 7. Nc3 a6 8. e3 fxe3 9. fxe3 Bh6 10. Qe2 Qd6 11. O-O-O Rg8 12. Kb1 Bf5 13. Ne5 {0-1 Druska,J (2338)-Zvarik,M (2255) SVK-chT1E 1112 2011 (4.1)}) 7... Bg7 8. c3 $1 {[%emt 0:00:20] The position is equal.} Qd6 9. g3 Bf5 10. Bg2 Bf6 11. Nb3 O-O-O 12. Nc5 Kb8 13. Nd3 fxg3 14. hxg3 h5 15. Qd2 Be4 16. Nc5 e5 (16... Bxf3 $142 17. Bxf3 e5) 17. e3 (17. dxe5 $11 Qxc5 18. exf6) 17... Bg6 (17... Bf5 $15) 18. b4 b6 (18... Bf5 $15) 19. Na6+ $11 {[%emt 0:01:37] Excellent horsemanship.} Kb7 20. b5 Na5 21. dxe5 Bxe5 22. Nxe5 Qxe5 23. Qd4 {[%emt 0:00:32] Prevents Be4.} Qe8 24. Qb4 (24. Bxd5+ c6 25. bxc6+ Kxa6 $17) (24. Bf1 $142) 24... Be4 $36 {[%emt 0:01:19][%mdl 2048] Black is pushing. Really sharp!} (24... Bd3 $5 ) 25. Bxe4 dxe4 26. Nc5+ $2 bxc5 $19 27. Qxa5 Qe5 28. Rd1 Rxd1+ 29. Kxd1 {[%emt 0:00:02][%mdl 4096] Endgame [#] KQR-KQR} Rd8+ $1 30. Kc2 Qf5 (30... Qd6 31. Qa6+ (31. Rxh5 $2 Qd1+ 32. Kb2 Rd2+ 33. Ka3 Qxh5 $19) 31... Ka8 32. Qxd6 (32. Rxh5 $2 Qd1+ 33. Kb2 Qxh5 $19) 32... Rxd6 33. Rxh5 $16) 31. Kb3 (31. Qa6+ {was necessary.} Kb8 32. Qc6) 31... Rd2 {[%emt 0:00:46] Strongly threatening ...Qd5+.} 32. Qa6+ Kb8 {[%emt 0:00:14] ( -> ...Qd5+)} 33. Qc6 Rd6 ({And not} 33... Qxf2 34. Qe8+ (34. Rxh5 $2 {is the wrong capture.} Rb2+ 35. Ka3 Rxa2+ 36. Kb3 Qc2+ 37. Kc4 Qe2+ 38. Kxc5 Qxh5+ $19) (34. Qxe4 a5 $15) 34... Kb7 35. Qxe4+ Kb8 36. Qe8+ (36. Rxh5 $2 Rb2+ 37. Kc4 Qe2+ {[%mdl 64] Skewer, Double Attack} 38. Qd3 Qxh5 $19) 36... Kb7 37. Qe4+ (37. Rxh5 $2 Rb2+ 38. Kc4 Qe2+ 39. Kxc5 Qxh5+ $19) 37... Kb8 38. a3 $11 (38. Rxh5 $2 Rb2+ 39. Kc4 Qe2+ {[%mdl 64] Skewer, Double Attack} 40. Qd3 Qxh5 $19) (38. Qe8+ Kb7 $11)) 34. Qe8+ Kb7 35. Rh4 $2 {[%emt 0:00:30] [#]} (35. Rc1 a6 36. c4) 35... Qd5+ $1 36. Ka3 Re6 37. Qh8 Qc4 38. Qxh5 Qxc3+ {[%emt 0:00:13] Weighted Error Value: White=0.59/Black=0.09 (flawless)} 0-1

[Event "Lliga Catalana DH 2023"]
[Site "Catalonia"]
[Date "2023.02.25"]
[Round "6.4"]
[White "Ribera Veganzones, Josep Maria"]
[Black "Matnadze Bujiashvili, Ann"]
[Result "0-1"]
[ECO "B12"]
[WhiteElo "2202"]
[BlackElo "2392"]
[Annotator "TA"]
[PlyCount "70"]
[EventDate "2023.01.24"]
[EventType "team-tourn"]
[EventCountry "ESP"]
[SourceTitle "playchess.com"]
[Source "ChessBase"]
[SourceQuality "1"]
[TimeControl "40/5400+30:1800+30"]

1. e4 c6 2. d4 d5 3. e5 Bf5 4. Nd2 h5 5. Nb3 e6 6. Nf3 {B12: Caro-Kann: Advance Variation.} Nd7 7. Be2 Bg4 8. O-O {White is slightly better.} Ne7 {[#]} 9. Bf4 $146 ({Predecessor:} 9. Bg5 Qc7 10. a4 O-O-O 11. a5 f6 12. Be3 a6 13. Re1 Nf5 14. Qc1 h4 15. h3 Bxf3 16. Bxf3 fxe5 17. dxe5 {1-0 Jurasek,M (2270)-Lacina,F (1947) CZE-chT1W 1819 2018 (9.7)}) 9... Nf5 10. Qd2 Qb6 11. a4 a5 12. Rfd1 Bb4 13. Qd3 Qc7 14. h3 Bxf3 15. Bxf3 g6 16. Bg5 Be7 17. Bxe7 Kxe7 18. c4 dxc4 19. Qxc4 Kf8 20. Nd2 (20. Qc3 $14) 20... Kg7 $11 21. Ne4 Rad8 22. Ng5 Nb6 23. Qc5 Nd5 24. Ne4 Rd7 25. Rac1 (25. Ra3 $11) 25... Qd8 $15 26. Nd2 (26. Qa3 $15) 26... Nf4 27. Nb3 Nh4 {And now ...Nxf3+ would win.} (27... Qg5 {is interesting.} 28. Kf1 Nh4 29. Be4 Nhxg2 30. Rc3 Nh4) 28. Qc3 Nhxg2 {[%cal Od8h4][%mdl 64] [#] Threatens to win with ...Qh4! Deflection. Black is more active.} 29. Kh2 {This costs White the game.} ({White should try} 29. Nc5 $15 Rc7 30. Kf1) 29... Nh4 $19 30. Nxa5 $2 (30. Qe3 Qg5 31. Rg1 Nxf3+ 32. Qxf3) 30... Nf5 31. Rc2 (31. Nb3 $142 Qh4 32. Bg2) 31... Nxd4 32. Nxb7 Qh4 33. Bg2 Nde2 {[%mdl 64] [#] Discovered Attack. A dynamic duo of knights.} 34. Qe1 Qg4 35. Bf1 Qg1# {An entertaining game by Matnadze Bujiashvili.   Weighted Error Value: White=0.94/Black=0.10 (very precise)} 0-1

[Event "Lliga Catalana DH 2023"]
[Site "Catalonia"]
[Date "2023.02.25"]
[Round "6.5"]
[White "Baches Garcia, Guillermo"]
[Black "Pham Guerrero, Sergi"]
[Result "1-0"]
[ECO "B76"]
[WhiteElo "2328"]
[BlackElo "2065"]
[Annotator "TA"]
[PlyCount "65"]
[EventDate "2023.01.24"]
[EventType "team-tourn"]
[EventCountry "ESP"]
[SourceTitle "playchess.com"]
[Source "ChessBase"]
[SourceQuality "1"]
[TimeControl "40/5400+30:1800+30"]

1. e4 c5 2. Nf3 d6 3. d4 cxd4 4. Nxd4 Nf6 5. Nc3 g6 6. Be3 Bg7 7. f3 O-O 8. Qd2 Nc6 9. O-O-O d5 10. Nxc6 bxc6 11. Bh6 Bxh6 12. Qxh6 e5 {B76: Sicilian Dragon: Yugoslav Attack, 9 g4 and 9 0-0-0.} (12... Rb8 $1 $11) 13. h4 {Threatens to win with exd5.} Be6 {[#]} (13... d4 $1 $11 {keeps the balance.}) 14. Qg5 $146 ({Predecessor:} 14. h5 d4 15. f4 Qc7 16. hxg6 fxg6 17. f5 dxc3 18. fxe6 cxb2+ 19. Kb1 Qe7 20. Bc4 {1-0 Salimova,N (2387)-Fernandez,M (2128) Titled Tuesday intern op 14th Feb Late blitz 2023 (1)}) 14... Rb8 {White is better.} 15. Qxe5 (15. h5 $142) 15... Nd7 $16 16. Qd6 (16. Qd4 $6 c5 17. Qd2 d4 $11) 16... Qb6 (16... dxe4 $16 {keeps fighting.} 17. Nxe4 (17. Qxc6 exf3 18. Qxf3 Qa5 $11) 17... Qa5) 17. b3 $18 {Active counter play!} Qe3+ 18. Kb2 Rfd8 19. Rd3 (19. Qxc6 Rdc8 20. Rd3 Qf2 $15) (19. exd5 $6 Nc5 20. Qg3 (20. Qxc6 $2 Rdc8 $19) 20... cxd5 $16) (19. h5 $1 $18 ) 19... Qf2 (19... Qc5 $16 20. Qxc5 Nxc5) 20. Qf4 (20. exd5 $6 Nc5 21. Qf4 (21. Qxc6 $2 Bf5 $19) 21... Nxd3+ 22. Bxd3 Bxd5 $14) 20... Qc5 21. h5 d4 22. Nd1 $2 (22. Na4 $1 $18 Qe5 23. Qxe5 Nxe5 24. Rd2) 22... Ne5 (22... gxh5 $2 23. Qh6 Qf8 24. Qg5+ (24. Rxh5 Qxh6 25. Rxh6 Kg7 $16) (24. Qxh5 Qg7 $16) 24... Qg7 25. Qxg7+ (25. Rxh5 Bc4 $16) (25. Qxh5 c5 $11) 25... Kxg7 26. Rxd4 $18) (22... g5 $1 $11 {remains equal.} 23. Qg3 Kh8) 23. Rd2 $16 {Black must now prevent Kb1.} Qd6 (23... d3 $2 24. hxg6 (24. Bxd3 Qd4+ 25. Nc3 Bc4 $16) 24... Nxg6 25. Qf6 $18) (23... a5 $16 {was worth a try.}) 24. Qh6 (24. Qg5 $18) 24... Rd7 (24... Qe7 $16 {was necessary.}) 25. hxg6 $18 fxg6 {[#]} 26. f4 $1 Ng4 {[#]} 27. Qg5 {f5 is the strong threat.} h6 $2 (27... Rg7 {was called for.} 28. Be2 h6) 28. Rxh6 (28. Qxg6+ Rg7 29. e5 Rxg6 $18) 28... Nxh6 29. Qxh6 {e5 would be deadly.} (29. Qxg6+ Rg7 30. Qxh6 Rh7 31. Qg6+ (31. Qf6 Rf8 $16) 31... Rg7 $16) 29... c5 (29... Rh7 $142 30. Qxg6+ Rg7) 30. e5 ({Less strong is} 30. Qxg6+ Rg7 31. Qh6 Rh7 32. Qg5+ Rg7 $11) 30... Qc6 31. g4 {Strongly threatening Rh2.} ({Not} 31. Qxg6+ Rg7 32. Qh6 Rh7 33. Qg6+ Rg7 $16) 31... c4 $2 (31... Rh7 32. Qxg6+ Rg7) 32. Rh2 {Intending Qh8+ and mate.} (32. Qxg6+ $2 {too greedy.} Rg7 33. Qh6 c3+ 34. Kc1 cxd2+ $19) 32... Kf7 {[#]} 33. f5 $1 {[%mdl 512] Excellently played by Baches Garcia!   Weighted Error Value: White=0.33/Black=0.64} 1-0